[Event "ICC tourney 2850 (40 10)"]
[Site "Internet Chess Club"]
[Date "2022.03.12"]
[Round "1"]
[White "WEISS, MATTHEW DAVID:portnoy311"]
[Black "VIJAYABHARATHI, SACHIN:sachinv24"]
[Result "1-0"]
[ICCResult "Black resigns"]
[WhiteElo "1189"]
[BlackElo "320"]
[Opening "Vienna gambit"]
[ECO "C29"]
[NIC "VG.04"]
[Time "11:25:59"]
[PlyCount "29"]
[TimeControl "2400+10"]

1. e4 e5 2. Nc3 Nf6 3. f4 Nc6 4. fxe5 Nxe5 5. d4 Neg4 6. e5 Nd5 7. Nxd5 c6
8. Nc3 d6 9. Nf3 dxe5 10. Nxe5 Nxe5 11. dxe5 Bc5 12. Qxd8+ Kxd8 13. Bg5+ f6
14. exf6 Rg8 15. f7+ {Black resigns} 1-0

[Event "ICC tourney 2850 (40 10)"]
[Site "Internet Chess Club"]
[Date "2022.03.12"]
[Round "1"]
[White "HAMLETT, JAMES MORRISON:Hamlett144"]
[Black "Bayramli, Farid:GameOfKings"]
[Result "1-0"]
[ICCResult "Black resigns"]
[WhiteElo "1216"]
[BlackElo "410"]
[Opening "Scotch game"]
[ECO "C45"]
[NIC "SO.04"]
[Time "11:26:03"]
[PlyCount "43"]
[TimeControl "2400+10"]

1. e4 e5 2. Nf3 Nc6 3. d4 exd4 4. Nxd4 Nxd4 5. Qxd4 Nf6 6. Bg5 Be7 7. e5 Ng8
8. Bxe7 Nxe7 9. Nc3 O-O 10. O-O-O Nf5 11. Qe4 Qg5+ 12. Kb1 d6 13. h4 Qg6 14.
h5 Qe6 15. Nd5 c6 16. Nc7 d5 17. Nxe6 dxe4 18. Nxf8 Kxf8 19. g4 Nh6 20. Rd8+
Ke7 21. Rh8 Bxg4 22. Rxa8 {Black resigns} 1-0

[Event "ICC tourney 2850 (40 10)"]
[Site "Internet Chess Club"]
[Date "2022.03.12"]
[Round "1"]
[White "YUAN, DAVID:David1250"]
[Black "Chen, Angelique Lee:oklahoo"]
[Result "1-0"]
[ICCResult "Black checkmated"]
[WhiteElo "1293"]
[BlackElo "884"]
[Opening "Giuoco Piano"]
[ECO "C50"]
[NIC "IG.02"]
[Time "11:25:49"]
[PlyCount "133"]
[TimeControl "2400+10"]

1. e4 e5 2. Nf3 Nc6 3. Bc4 Bc5 4. O-O Nf6 5. d3 h6 6. Re1 d6 7. h3 O-O 8.
Be3 Bb6 9. Bxb6 axb6 10. Nc3 Be6 11. Bxe6 fxe6 12. d4 exd4 13. Nxd4 Nxd4 14.
Qxd4 Kh8 15. e5 dxe5 16. Qxe5 Re8 17. Nb5 Re7 18. Rad1 Qc8 19. a3 Nd5 20. c4
Nf6 21. Nd4 Ra5 22. Nb5 c6 23. Nd6 Rxe5 24. Nxc8 Rxe1+ 25. Rxe1 Re8 26. Nxb6
e5 27. Na4 Nd7 28. b4 Ra8 29. Nc5 Nxc5 30. bxc5 Rxa3 31. Rxe5 Rc3 32. Re4
Rc1+ 33. Kh2 Rc2 34. f4 Kg8 35. h4 Kf7 36. h5 Kf6 37. Kh3 g6 38. hxg6 Kxg6
39. g4 Rc3+ 40. Kh4 Rc1 41. f5+ Kg7 42. Re7+ Kh8 43. Rxb7 Rxc4 44. Kh5 Rxc5
45. Kg6 Rb5 46. Rc7 Rb8 47. Kxh6 Kg8 48. Rxc6 Rb7 49. g5 Rh7+ 50. Kg6 Rg7+
51. Kh5 Rh7+ 52. Kg4 Ra7 53. g6 Ra4+ 54. Kg5 Ra5 55. Kf6 Ra8 56. Rc7 Ra6+
57. Kg5 Ra5 58. Rf7 Kh8 59. Kh6 Kg8 60. f6 Ra1 61. Rg7+ Kf8 62. Rh7 Rh1+ 63.
Kg5 Rg1+ 64. Kf5 Rf1+ 65. Ke5 Re1+ 66. Kd4 Rf1 67. Rh8# {Black checkmated}
1-0

[Event "ICC tourney 2850 (40 10)"]
[Site "Internet Chess Club"]
[Date "2022.03.12"]
[Round "1"]
[White "Maradana, Harsha:K05-30024511"]
[Black "SOUTHERLAND, TRIPP:Nachooo"]
[Result "0-1"]
[ICCResult "White checkmated"]
[WhiteElo "386"]
[BlackElo "1212"]
[Opening "French: advance, Steinitz variation"]
[ECO "C02"]
[NIC "FR.03"]
[Time "11:26:13"]
[PlyCount "72"]
[TimeControl "2400+10"]

1. e4 e6 2. d4 d5 3. e5 c5 4. dxc5 Bxc5 5. Nf3 Nc6 6. Nc3 Bd7 7. Be2 Nge7 8.
O-O Ng6 9. Bg5 Qb8 10. Bf4 Nxf4 11. Bb5 a6 12. Bxc6 Bxc6 13. Qd2 Ng6 14. a3
Nxe5 15. Nxe5 Qxe5 16. Rfe1 Qf6 17. Re2 O-O 18. b4 Bd4 19. Nxd5 Bxd5 20. Rd1
Qg6 21. g3 Qh5 22. Qe1 Qh3 23. Qf1 Qxf1+ 24. Rxf1 Bc4 25. Re4 Bxf1 26. Kxf1
Rfd8 27. Kg2 Rac8 28. Re2 Bb2 29. a4 Ba3 30. b5 axb5 31. axb5 h5 32. h4 Rd1
33. Re3 Be7 34. Kf3 Rxc2 35. b6 Bc5 36. Re4 Rxf2# {White checkmated} 0-1

[Event "ICC tourney 2850 (40 10)"]
[Site "Internet Chess Club"]
[Date "2022.03.12"]
[Round "1"]
[White "Murkis, Ethan:etj11"]
[Black "AKULA, MAHIT:Judtyr123"]
[Result "0-1"]
[ICCResult "White checkmated"]
[WhiteElo "700"]
[BlackElo "1260"]
[Opening "Caro-Kann defense"]
[ECO "B10"]
[NIC "CK.01"]
[Time "11:45:53"]
[PlyCount "60"]
[TimeControl "2400+10"]

1. e4 c6 2. Nf3 d5 3. d4 dxe4 4. Ne5 Nf6 5. Nc3 Bf5 6. Bc4 e6 7. O-O Bd6 8.
Bg5 h6 9. Bf4 Qc7 10. Re1 Nbd7 11. Qd2 Nxe5 12. dxe5 Bxe5 13. g3 Bxf4 14.
gxf4 Rd8 15. Qe2 Qxf4 16. Rad1 Ng4 17. Rxd8+ Kxd8 18. Rd1+ Ke7 19. f3 exf3
20. Qf2 Nxf2 21. Kxf2 Qxc4 22. Kxf3 Bg4+ 23. Kf2 Bxd1 24. Nxd1 Qxc2+ 25. Ke1
Rd8 26. Ne3 Qd2+ 27. Kf1 Qxe3 28. Kg2 Rd2+ 29. Kf1 Qe2+ 30. Kg1 Qg2#
{White checkmated}
0-1

[Event "ICC tourney 2850 (40 10)"]
[Site "Internet Chess Club"]
[Date "2022.03.12"]
[Round "1"]
[White "VOLOSHIN, VANYA:Vanya-long"]
[Black "BAI, JEFFREY:Jeffchess"]
[Result "1-0"]
[ICCResult "Black checkmated"]
[WhiteElo "812"]
[BlackElo "1276"]
[Opening "French: advance variation"]
[ECO "C02"]
[NIC "FR.03"]
[Time "11:25:48"]
[PlyCount "171"]
[TimeControl "2400+10"]

1. e4 e6 2. d4 d5 3. e5 c5 4. c3 c4 5. Nf3 a5 6. Be2 a4 7. O-O b5 8. Qd2 h6
9. Re1 Qa5 10. a3 Nc6 11. Qc2 Nge7 12. Be3 Nf5 13. Qd2 b4 14. cxb4 Nxb4 15.
axb4 Bxb4 16. Nc3 Bxc3 17. Qxc3 Qxc3 18. bxc3 Nxe3 19. fxe3 a3 20. Reb1 Bd7
21. Ra2 O-O 22. Rba1 Rfb8 23. Rxa3 Rxa3 24. Rxa3 Rb3 25. Rxb3 cxb3 26. Nd2
b2 27. Bd1 Bb5 28. Bc2 Kf8 29. Kf2 Ke7 30. e4 dxe4 31. Nxe4 Ba4 32. Bb1 Bb3
33. Nd2 Bd5 34. c4 Ba8 35. g3 Kd7 36. Ke2 Bc6 37. Kd3 f5 38. Kc2 g5 39. Kxb2
f4 40. gxf4 gxf4 41. Kc2 Ke7 42. Kd3 Kf7 43. Ne4 Kg6 44. Ke2 Kh5 45. Kf2 Kg4
46. Kg2 f3+ 47. Kf2 Kf4 48. c5 h5 49. h3 Kf5 50. Nd6+ Kf4 51. Nc4 Bb5 52.
Na5 Bd7 53. c6 Bc8 54. c7 h4 55. Nc6 Kg5 56. Na7 Bb7 57. Be4 Bxe4 58. c8=Q
Bf5 59. Qg8+ Kf4 60. Nb5 Bxh3 61. Qf7+ Bf5 62. Qh5 h3 63. Qh4+ Bg4 64. d5
exd5 65. e6 h2 66. e7 h1=N+ 67. Qxh1 Bd7 68. Qh4+ Ke5 69. Qh8+ Ke6 70. e8=Q+
Bxe8 71. Qxe8+ Kf5 72. Nd6+ Kf6 73. Qf7+ Ke5 74. Kxf3 Kxd6 75. Qf4+ Kc5 76.
Qd2 Kc4 77. Ke3 Kc5 78. Qd4+ Kd6 79. Kf4 Kc6 80. Ke5 Kc7 81. Qxd5 Kb8 82.
Qf7 Kc8 83. Kd6 Kb8 84. Kc6 Ka8 85. Kb6 Kb8 86. Qg8# {Black checkmated} 1-0

[Event "ICC tourney 2850 (40 10)"]
[Site "Internet Chess Club"]
[Date "2022.03.12"]
[Round "1"]
[White "SISTA, SAI VIJAY HIMAGHNA:Chessboy5"]
[Black "ZHOU, ALEXANDER ZHENG:Lailaiking"]
[Result "1-0"]
[ICCResult "Black resigns"]
[WhiteElo "1394"]
[BlackElo "1029"]
[Opening "Queen's pawn, Mason variation"]
[ECO "D00"]
[NIC "QP.08"]
[Time "11:26:12"]
[PlyCount "89"]
[TimeControl "2400+10"]

1. d4 d5 2. Bf4 Nf6 3. e3 Bf5 4. Bd3 Bg6 5. c3 Nc6 6. Nf3 Bxd3 7. Qxd3 e6 8.
Nbd2 Bd6 9. Ne5 Bxe5 10. dxe5 Nd7 11. Nf3 a6 12. Rd1 Nc5 13. Qc2 Qc8 14. Nd4
Nd7 15. Nxc6 bxc6 16. Qa4 c5 17. O-O O-O 18. e4 Nb6 19. Qc6 c4 20. exd5 exd5
21. Be3 Rd8 22. Rd2 Qd7 23. Qxd7 Rxd7 24. Bxb6 cxb6 25. Rfd1 Rad8 26. b3 b5
27. f4 Kf8 28. Kf2 Ke7 29. b4 Kf8 30. Ke3 f6 31. e6 Rd6 32. f5 Ke7 33. a4
bxa4 34. Ra1 Rb8 35. Rxa4 Rbb6 36. g4 Kd8 37. Ra5 Rb5 38. Rda2 Rbb6 39. Kd4
Kc7 40. Rc5+ Kb7 41. Raa5 Rb5 42. Raxb5+ axb5 43. Rxb5+ Kc6 44. Rc5+ Kb7 45.
Rxd5 {Black resigns} 1-0

[Event "ICC tourney 2850 (40 10)"]
[Site "Internet Chess Club"]
[Date "2022.03.12"]
[Round "1"]
[White "JIANG, MATHEW:mathewjiang"]
[Black "ARMBRUSTER, THOMAS E:TE47Armbruster"]
[Result "0-1"]
[ICCResult "White resigns"]
[WhiteElo "1400"]
[BlackElo "1092"]
[Opening "Bogo-Indian defense"]
[ECO "E11"]
[NIC "QI.01"]
[Time "11:26:00"]
[PlyCount "84"]
[TimeControl "2400+10"]

1. d4 Nf6 2. Nf3 e6 3. c4 Bb4+ 4. Bd2 Bxd2+ 5. Qxd2 b6 6. Nc3 O-O 7. e3 Bb7
8. Be2 d5 9. Qd1 c5 10. O-O Nc6 11. Rc1 cxd4 12. Nxd4 Nxd4 13. Qxd4 dxc4 14.
Qxd8 Rfxd8 15. Bxc4 Rac8 16. b3 a6 17. a4 Kf8 18. Rfd1 Rxd1+ 19. Rxd1 Ke7
20. f3 Rd8 21. Rxd8 Kxd8 22. Kf2 Kd7 23. e4 Kd6 24. Ke3 Nd7 25. b4 Ne5 26.
Bb3 Nc6 27. b5 axb5 28. axb5 Nb8 29. Na4 Nd7 30. Kd4 e5+ 31. Ke3 f6 32. Bf7
Bc8 33. Be8 Kc7 34. Kd3 Nc5+ 35. Nxc5 bxc5 36. Kc4 Kd6 37. Bf7 Bb7 38. Bd5
Bc8 39. Kb3 Kc7 40. Kc4 Kb6 41. Bc6 Be6+ 42. Bd5 Bd7 {White resigns} 0-1

[Event "ICC tourney 2850 (40 10)"]
[Site "Internet Chess Club"]
[Date "2022.03.12"]
[Round "1"]
[White "MOHAN, SHANKARA:BellaVista"]
[Black "BROCK, JASON:jbrock31"]
[Result "1-0"]
[ICCResult "Black resigns"]
[WhiteElo "1269"]
[BlackElo "800"]
[Opening "Giuoco Piano"]
[ECO "C54"]
[NIC "IG.02"]
[Time "11:26:13"]
[PlyCount "61"]
[TimeControl "2400+10"]

1. e4 e5 2. Nf3 Nc6 3. Bc4 Bc5 4. c3 Nf6 5. d3 O-O 6. b4 Be7 7. b5 Na5 8.
Nxe5 Nxc4 9. Nxc4 d5 10. exd5 Nxd5 11. O-O Bc5 12. d4 Bb6 13. Nxb6 axb6 14.
a4 c6 15. bxc6 bxc6 16. Bb2 Qg5 17. Qf3 Re8 18. c4 Nf4 19. Nc3 Bg4 20. Qg3
Rad8 21. h3 Ne2+ 22. Nxe2 Rxe2 23. Bc1 Qe7 24. Qxg4 Re4 25. Qg3 g6 26. Be3
Rdxd4 27. Bxd4 Rxd4 28. Rfe1 Qb4 29. Qb8+ Kg7 30. Qe5+ Kh6 31. Qxd4
{Black resigns}
1-0

[Event "ICC tourney 2850 (40 10)"]
[Site "Internet Chess Club"]
[Date "2022.03.12"]
[Round "1"]
[White "WADE, DONALD R:slooowchess61"]
[Black "ADUSUMALLI, ANIRUDH SAI:Anichess2009"]
[Result "1-0"]
[ICCResult "Black resigns"]
[WhiteElo "1362"]
[BlackElo "1027"]
[Opening "Pirc defense"]
[ECO "B07"]
[NIC "PU.08"]
[Time "11:30:30"]
[PlyCount "153"]
[TimeControl "2400+10"]

1. e4 d6 2. d4 Nf6 3. Nc3 Nc6 4. Nf3 g6 5. Be2 Bg7 6. h3 O-O 7. O-O Nd7 8.
Be3 e5 9. d5 Ne7 10. a4 f5 11. exf5 Nxf5 12. Bg5 Bf6 13. Bxf6 Qxf6 14. Ne4
Qg7 15. Nfg5 Nd4 16. Bg4 Nf6 17. Bxc8 Raxc8 18. c3 h6 19. Nxf6+ Qxf6 20. Ne4
Qf4 21. Ng3 Nf5 22. Nxf5 Qxf5 23. Qe2 Qf7 24. c4 a5 25. Rac1 b6 26. Rc3 c5
27. Rg3 g5 28. h4 Qg6 29. hxg5 hxg5 30. Qg4 Rf5 31. Rf3 Rcf8 32. Rxf5 Rxf5
33. Qe4 Kf7 34. g4 Rf4 35. Qxg6+ Kxg6 36. f3 Rxc4 37. b3 Rb4 38. Rb1 Rd4 39.
Kf2 Rxd5 40. Ke3 Rd4 41. Rb2 Kf6 42. Re2 Rb4 43. Rb2 Ke6 44. Kd3 Kd5 45. Kc3
e4 46. Rd2+ Rd4 47. fxe4+ Ke5 48. Rf2 Rxe4 49. Rf5+ Ke6 50. Rxg5 Re5 51.
Rg6+ Kd5 52. g5 Re3+ 53. Kb2 Rg3 54. Kc2 Ke5 55. Rg7 Kd5 56. Rb7 Kc6 57. Rg7
b5 58. axb5+ Kxb5 59. Rg6 d5 60. Rg8 c4 61. Rb8+ Kc5 62. Rc8+ Kd4 63. bxc4
Rxg5 64. c5 Rg2+ 65. Kb3 Rg1 66. Ka4 Ra1+ 67. Kb5 a4 68. c6 a3 69. Ra8 a2
70. Ra4+ Ke5 71. c7 Rb1+ 72. Kc6 Rc1+ 73. Kd7 a1=Q 74. Rxa1 Rxa1 75. c8=Q
Ra7+ 76. Kc6 Ra1 77. Qe8+ {Black resigns} 1-0

[Event "ICC tourney 2850 (40 10)"]
[Site "Internet Chess Club"]
[Date "2022.03.12"]
[Round "1"]
[White "SCHWARTZ, DOUGLAS S:Douglas1"]
[Black "ASHOK, AMUDHAN:amudhanashok"]
[Result "1-0"]
[ICCResult "Black checkmated"]
[WhiteElo "1318"]
[BlackElo "950"]
[Opening "King's pawn game"]
[ECO "C50"]
[NIC "IG.03"]
[Time "11:25:48"]
[PlyCount "141"]
[TimeControl "2400+10"]

1. e4 e5 2. Nf3 Nc6 3. Bc4 d6 4. h3 Nf6 5. d3 h6 6. O-O Be7 7. Re1 O-O 8.
Nbd2 b6 9. c3 Bb7 10. Nf1 a6 11. Ng3 b5 12. Bb3 Nd7 13. Nf5 Bf6 14. Nh2 Bg5
15. Bxg5 Qxg5 16. Qg4 Qxg4 17. Nxg4 Rae8 18. Re3 Ne7 19. Nxe7+ Rxe7 20. Rg3
Kh7 21. Ne3 Nc5 22. Nf5 Rd7 23. Rxg7+ Kh8 24. Rg3 Rg8 25. Rxg8+ Kxg8 26.
Nxh6+ Kg7 27. Nf5+ Kg8 28. Rd1 Kh7 29. f3 d5 30. Bc2 dxe4 31. dxe4 Rxd1+ 32.
Bxd1 Nd3 33. b4 Nb2 34. Bb3 Bc8 35. Bxf7 Na4 36. c4 Nc3 37. cxb5 axb5 38.
Ne7 Ba6 39. Nc6 Kg7 40. Bb3 Kf6 41. Nb8 Bb7 42. Nd7+ Ke7 43. Nxe5 Kd6 44.
Nd3 Ne2+ 45. Kf2 Nc3 46. h4 Ke7 47. h5 Kf6 48. g4 Kg5 49. Nc5 Bc6 50. Ne6+
Kf6 51. Nxc7 Kg5 52. Nd5 Bxd5 53. Bxd5 Nxd5 54. exd5 Kf6 55. Ke3 Ke5 56. d6
Kxd6 57. h6 Ke6 58. h7 Kf6 59. h8=Q+ Kg5 60. Qe5+ Kg6 61. Qxb5 Kf6 62. Kf4
Ke6 63. Qe5+ Kf7 64. Qd6 Kg7 65. Kg5 Kf7 66. Qf6+ Ke8 67. Qg7 Kd8 68. b5 Kc8
69. b6 Kb8 70. Qc7+ Ka8 71. Qa7# {Black checkmated} 1-0

[Event "ICC tourney 2850 (40 10)"]
[Site "Internet Chess Club"]
[Date "2022.03.12"]
[Round "1"]
[White "MADALA, MANASVI:Manasvimadala"]
[Black "POWERS, BARNEY:Barnstorm"]
[Result "0-1"]
[ICCResult "White checkmated"]
[WhiteElo "609"]
[BlackElo "1233"]
[Opening "Pirc: classical (two knights) system"]
[ECO "B08"]
[NIC "VO.17"]
[Time "11:50:59"]
[PlyCount "94"]
[TimeControl "2400+10"]

1. e4 d6 2. Nf3 Nf6 3. Nc3 g6 4. d4 Nbd7 5. Bc4 c6 6. O-O Bg7 7. Re1 b5 8.
Bb3 O-O 9. a3 Nb6 10. Bg5 h6 11. Bh4 Nc4 12. Rb1 Bg4 13. h3 Bxf3 14. Qxf3
Nd2 15. Qd3 Nxb1 16. Rxb1 a6 17. d5 cxd5 18. Bxd5 Nxd5 19. Qxd5 Rc8 20. Re1
Bxc3 21. bxc3 Rxc3 22. Qa2 Qc7 23. Qb2 Rxc2 24. Qd4 e5 25. Qe3 Kg7 26. Qf3
f6 27. Qe3 Rc3 28. Qd2 Rxa3 29. Rc1 Qa5 30. Qxd6 Qd8 31. Qxa3 g5 32. Bg3 Kg6
33. Qxa6 b4 34. Bxe5 b3 35. Rb1 Qe7 36. Bd6 Qe6 37. Bxf8 Qxa6 38. Rxb3 Qc4
39. Rb4 Qc1+ 40. Kh2 Qf4+ 41. g3 Qxf2+ 42. Kh1 Qxg3 43. Rb6 Qxh3+ 44. Kg1
Qe3+ 45. Kg2 Qxb6 46. Kf3 Qb3+ 47. Kg4 h5# {White checkmated} 0-1

[Event "ICC tourney 2850 (40 10)"]
[Site "Internet Chess Club"]
[Date "2022.03.12"]
[Round "1"]
[White "SAWYER, TIMOTHY A:tasawyer81"]
[Black "STONE, GILBERT L:tightfist"]
[Result "1-0"]
[ICCResult "Black checkmated"]
[WhiteElo "938"]
[BlackElo "1317"]
[Opening "QGD: 3...Nf6"]
[ECO "D35"]
[NIC "QO.16"]
[Time "11:25:59"]
[PlyCount "93"]
[TimeControl "2400+10"]

1. d4 d5 2. c4 e6 3. Nc3 Nf6 4. g3 Bb4 5. Bg2 Bxc3+ 6. bxc3 dxc4 7. Qc2 Qd6
8. e4 Qa6 9. e5 Nd5 10. Nf3 h6 11. a4 Nc6 12. Ba3 Na5 13. O-O Nb3 14. Rab1
Qxa4 15. Bc1 O-O 16. Nd2 Qa5 17. Nxc4 Qxc3 18. Qxb3 Qxd4 19. Bb2 Qg4 20. h3
Qg5 21. Bc1 Qd8 22. Rd1 c6 23. Nd6 Rb8 24. Ba3 Qd7 25. Nxc8 Rfxc8 26. Bd6
Nc7 27. Bc5 Qe8 28. Bxa7 Ra8 29. Qxb7 Nb5 30. Qd7 Rxa7 31. Qxe8+ Rxe8 32.
Bxc6 Nc7 33. Bxe8 Nxe8 34. Ra1 Rb7 35. Kg2 g6 36. Ra8 Re7 37. Rdd8 Kf8 38.
g4 h5 39. g5 h4 40. f4 Kg7 41. Kf3 Rc7 42. Kg4 Rc3 43. Rxe8 Rg3+ 44. Kxh4
Rf3 45. Rg8+ Kh7 46. Rh8+ Kg7 47. Rag8# {Black checkmated} 1-0

[Event "ICC tourney 2850 (40 10)"]
[Site "Internet Chess Club"]
[Date "2022.03.12"]
[Round "1"]
[White "KODARAPU, NEEV:onix007"]
[Black "KING, JAMES F:jfkingiii"]
[Result "1-0"]
[ICCResult "Black resigns"]
[WhiteElo "1028"]
[BlackElo "1392"]
[Opening "Queen's pawn, Mason variation"]
[ECO "D00"]
[NIC "QP.08"]
[Time "11:28:20"]
[PlyCount "127"]
[TimeControl "2400+10"]

1. d4 d5 2. Bf4 Nf6 3. e3 e6 4. Nf3 c5 5. c3 Be7 6. Bd3 O-O 7. O-O Nc6 8.
Na3 cxd4 9. exd4 h6 10. Nb5 a6 11. Na3 Bxa3 12. bxa3 Qa5 13. Qb3 Ne4 14.
Bxe4 dxe4 15. Ne5 Nxe5 16. Bxe5 b5 17. Rfe1 Bb7 18. h3 Bd5 19. Qb4 Qd8 20.
a4 Rc8 21. Bd6 Re8 22. axb5 axb5 23. Bc5 Qd7 24. a3 Ra8 25. Kh2 Ra4 26. Qb2
Qc7+ 27. Kg1 e5 28. Bb4 exd4 29. cxd4 Qc4 30. Rac1 Qb3 31. Qxb3 Bxb3 32. Rc3
Bc4 33. f3 Raa8 34. fxe4 Rad8 35. Bc5 Bd5 36. Rce3 Bc4 37. Kf2 Ra8 38. Kf3
Rad8 39. Rc1 Ra8 40. Rc2 Re6 41. Rc1 Rae8 42. Rce1 f5 43. e5 Bd5+ 44. Kf2
Kf7 45. g3 g5 46. Ra1 h5 47. a4 bxa4 48. Rxa4 f4 49. gxf4 gxf4 50. Re1 f3
51. Rg1 Rg8 52. Ra7+ Re7 53. Rxe7+ Kf8 54. Rxg8+ Kxg8 55. Rd7 Bc6 56. Rd6
Be4 57. e6 Kf8 58. Rd8+ Kg7 59. e7 Bc6 60. e8=Q Bxe8 61. Rxe8 Kf6 62. Re7
Kf5 63. d5 Kf4 64. d6 {Black resigns} 1-0

[Event "ICC tourney 2850 (40 10)"]
[Site "Internet Chess Club"]
[Date "2022.03.12"]
[Round "1"]
[White "PARAKANDY, SOORAJ:Soorajp86"]
[Black "SULTAN, BASHIR Cisse:muzikmixer"]
[Result "0-1"]
[ICCResult "White forfeits on time"]
[WhiteElo "1119"]
[BlackElo "1414"]
[Opening "Robatsch (modern) defense"]
[ECO "B06"]
[NIC "KF.05"]
[Time "11:50:59"]
[PlyCount "42"]
[TimeControl "2400+10"]

1. e4 g6 2. d4 Bg7 3. Nf3 d6 4. Bc4 e6 5. O-O a6 6. Nc3 Ne7 7. Re1 O-O 8. a4
b6 9. Be3 Bb7 10. d5 e5 11. Qd2 Nd7 12. Bh6 Nf6 13. Qg5 Nh5 14. Bxg7 Kxg7
15. Ne2 h6 16. Qd2 f5 17. exf5 Nxf5 18. g4 Nh4 19. Nxh4 Qxh4 20. Ng3 Nf4 21.
Bf1 Bxd5 {White forfeits on time} 0-1

[Event "ICC tourney 2850 (40 10)"]
[Site "Internet Chess Club"]
[Date "2022.03.12"]
[Round "1"]
[White "Lafer, Michael Barry:MLafer"]
[Black "GANAPATIRAJU, SREE CHETAN VARMA:chetan2012"]
[Result "0-1"]
[ICCResult "White resigns"]
[WhiteElo "1039"]
[BlackElo "1395"]
[Opening "Ruy Lopez: Graz variation"]
[ECO "C70"]
[NIC "RL.09"]
[Time "11:34:23"]
[PlyCount "82"]
[TimeControl "2400+10"]

1. e4 e5 2. Nf3 Nc6 3. Bb5 a6 4. Ba4 b5 5. Bb3 Bc5 6. c3 d6 7. h3 Bb7 8. O-O
Nge7 9. d4 Bb6 10. Be3 Na5 11. Bc2 O-O 12. b3 Ng6 13. Qd2 Re8 14. d5 h6 15.
a4 Qd7 16. axb5 axb5 17. Na3 Ba6 18. b4 Nc4 19. Nxc4 bxc4 20. Rfb1 Bb5 21.
Nh2 Ne7 22. Ng4 f5 23. Nxh6+ gxh6 24. Bxh6 f4 25. g4 Ng6 26. Kh2 Nh4 27. Bd1
Ba4 28. Rxa4 Rxa4 29. Qe2 Ra7 30. g5 Qf7 31. f3 Rea8 32. Rb2 Ra1 33. Qe1
R8a2 34. Rxa2 Rxa2+ 35. Be2 Nxf3+ 36. Kg2 Nxe1+ 37. Kf1 Nd3 38. h4 Ra1+ 39.
Kg2 Rg1+ 40. Kh2 f3 41. Bxf3 Qxf3 {White resigns} 0-1

[Event "ICC tourney 2850 (40 10)"]
[Site "Internet Chess Club"]
[Date "2022.03.12"]
[Round "2"]
[White "ZHAO, DANSON:K01-30127679"]
[Black "SAWYER, TIMOTHY A:tasawyer81"]
[Result "1-0"]
[ICCResult "Black checkmated"]
[WhiteElo "1234"]
[BlackElo "938"]
[Opening "French defense"]
[ECO "C00"]
[NIC "FR.01"]
[Time "13:38:47"]
[PlyCount "63"]
[TimeControl "2400+10"]

1. e4 e6 2. Nf3 d5 3. exd5 exd5 4. d4 Nf6 5. Bd3 Be6 6. Bf4 Nc6 7. Nbd2 Be7
8. O-O O-O 9. h3 Nb4 10. Bb5 c6 11. Ba4 b5 12. Bb3 a5 13. a3 a4 14. axb4
axb3 15. Rxa8 Qxa8 16. Nxb3 Bxb4 17. c3 Be7 18. Qa1 Qc8 19. Ne5 Ne4 20. f3
Ng5 21. h4 Nxf3+ 22. Nxf3 Bg4 23. Qe1 Bxf3 24. Rxf3 Bf6 25. Qg3 Qf5 26. Bd6
Qb1+ 27. Kh2 Re8 28. Be5 Bxe5 29. dxe5 Qxb2 30. Qf4 Rf8 31. e6 fxe6 32.
Qxf8# {Black checkmated} 1-0

[Event "ICC tourney 2850 (40 10)"]
[Site "Internet Chess Club"]
[Date "2022.03.12"]
[Round "2"]
[White "BAI, JEFFREY:Jeffchess"]
[Black "ZHU, PENGYU:zhupeter"]
[Result "1-0"]
[ICCResult "Black checkmated"]
[WhiteElo "1276"]
[BlackElo "676"]
[Opening "KP: Nimzovich defense"]
[ECO "B00"]
[NIC "VO.04"]
[Time "13:38:00"]
[PlyCount "129"]
[TimeControl "2400+10"]

1. e4 Nc6 2. Bb5 a6 3. Bxc6 bxc6 4. d4 d5 5. e5 f6 6. Nf3 Bg4 7. h3 Bxf3 8.
Qxf3 fxe5 9. dxe5 e6 10. Nc3 Bb4 11. O-O d4 12. Ne4 Qd5 13. b3 Bc3 14. Nxc3
Qxf3 15. gxf3 dxc3 16. Be3 O-O-O 17. Rad1 Nh6 18. Kh2 Nf5 19. Bg5 Rxd1 20.
Rxd1 h6 21. Bc1 Nh4 22. Kg3 Nf5+ 23. Kg4 h5+ 24. Kg5 Kb7 25. Rg1 Ne7 26. Ba3
Nf5 27. Kg6 Rh6+ 28. Kf7 Rf6+ 29. Kg8 Nh6+ 30. Kxg7 Rxf3 31. Kxh6 Rxh3 32.
Rg3 Rh2 33. Bc5 h4 34. Rg1 a5 35. Kg5 Ka6 36. Kf6 Kb5 37. Be3 a4 38. bxa4+
Kxa4 39. Kxe6 Rh3 40. Kd7 Ka3 41. e6 Rf3 42. e7 Rf7 43. Kxc6 Rxe7 44. Bc5+
Kxa2 45. Bxe7 Kb2 46. Bxh4 Kxc2 47. Bg5 Kd3 48. f3 Kd4 49. Rd1+ Kc4 50. f4
Kb3 51. f5 Kb2 52. Bc1+ Kb3 53. f6 c2 54. Rh1 Kc3 55. Rh3+ Kd4 56. Bb2+ Kc4
57. Rc3+ Kd4 58. Rc5+ Ke4 59. Rc4+ Kf5 60. Rc5+ Kg6 61. Kxc7 Kf7 62. Kd7 Kf8
63. Ke6 Kg8 64. f7+ Kf8 65. Rc8# {Black checkmated} 1-0

[Event "ICC tourney 2850 (40 10)"]
[Site "Internet Chess Club"]
[Date "2022.03.12"]
[Round "2"]
[White "ADUSUMALLI, ANIRUDH SAI:Anichess2009"]
[Black "Maradana, Harsha:K05-30024511"]
[Result "1-0"]
[ICCResult "Black checkmated"]
[WhiteElo "1027"]
[BlackElo "386"]
[Opening "Ruy Lopez: Berlin defense"]
[ECO "C65"]
[NIC "RL.07"]
[Time "13:38:11"]
[PlyCount "99"]
[TimeControl "2400+10"]

1. e4 e5 2. Nf3 Nc6 3. Bb5 Nf6 4. Bxc6 dxc6 5. Nxe5 Nxe4 6. Qe2 Bf5 7. d3
Bd6 8. dxe4 Bg6 9. Nxg6 hxg6 10. e5 Be7 11. Nc3 Qd7 12. O-O O-O-O 13. Bf4 f6
14. exf6 Bxf6 15. Rfd1 Qf5 16. Rxd8+ Rxd8 17. Bg3 b6 18. Rd1 Rxd1+ 19. Qxd1
Be5 20. Qd3 Bxg3 21. Qxf5+ gxf5 22. hxg3 Kd7 23. f4 Ke6 24. Kf2 a5 25. Ke3
Kd6 26. Kf3 Kc5 27. g4 fxg4+ 28. Kxg4 b5 29. Kg5 Kc4 30. Kg6 b4 31. Na4 Kb5
32. b3 c5 33. Kxg7 c4 34. f5 Kc6 35. f6 cxb3 36. axb3 Kd7 37. f7 Kc6 38.
f8=Q Kb7 39. Nc5+ Ka7 40. Qc8 Kb6 41. Qb7+ Kxc5 42. Qxc7+ Kb5 43. g4 Ka6 44.
g5 Kb5 45. g6 Ka6 46. Kf6 Kb5 47. g7 Ka6 48. g8=Q Kb5 49. Qd5+ Ka6 50. Qdc6#
{Black checkmated}
1-0

[Event "ICC tourney 2850 (40 10)"]
[Site "Internet Chess Club"]
[Date "2022.03.12"]
[Round "2"]
[White "ZHOU, ALEXANDER ZHENG:Lailaiking"]
[Black "MADALA, MANASVI:Manasvimadala"]
[Result "1-0"]
[ICCResult "Black checkmated"]
[WhiteElo "1029"]
[BlackElo "609"]
[Opening "Giuoco Pianissimo"]
[ECO "C50"]
[NIC "IG.02"]
[Time "13:38:10"]
[PlyCount "87"]
[TimeControl "2400+10"]

1. e4 e5 2. Nf3 Nc6 3. Bc4 Bc5 4. d3 h6 5. Be3 Bb6 6. Nc3 Nf6 7. h3 d6 8.
Na4 O-O 9. Nxb6 axb6 10. O-O Re8 11. c3 Be6 12. Bb3 Na5 13. Bc2 c6 14. b4 d5
15. exd5 Qxd5 16. bxa5 b5 17. Bb6 Bf5 18. Nh4 Bc8 19. Bb3 Qd6 20. Re1 b4 21.
cxb4 Qxb4 22. Nf3 Bf5 23. Rxe5 Rxe5 24. Nxe5 Rf8 25. d4 Nd5 26. Bxd5 cxd5
27. Bc5 Qxa5 28. Bxf8 Kxf8 29. Qf3 g6 30. g4 Qc7 31. gxf5 gxf5 32. Qxf5 Qe7
33. Qxf7+ Qxf7 34. Nxf7 Kxf7 35. Rb1 Kf6 36. Rxb7 Kf5 37. a4 Ke4 38. a5 Kxd4
39. a6 Kc3 40. a7 d4 41. a8=Q d3 42. Qa3+ Kc2 43. Rb2+ Kc1 44. Qa1#
{Black checkmated}
1-0

[Event "ICC tourney 2850 (40 10)"]
[Site "Internet Chess Club"]
[Date "2022.03.12"]
[Round "2"]
[White "STONE, GILBERT L:tightfist"]
[Black "Murkis, Ethan:etj11"]
[Result "1-0"]
[ICCResult "Black resigns"]
[WhiteElo "1317"]
[BlackElo "700"]
[Opening "English: symmetrical, three knights system"]
[ECO "A30"]
[NIC "EO.42"]
[Time "13:38:14"]
[PlyCount "67"]
[TimeControl "2400+10"]

1. Nf3 Nf6 2. c4 c5 3. Nc3 d5 4. cxd5 Nxd5 5. e4 Nf6 6. d3 h6 7. g3 Nc6 8.
Bg2 Bg4 9. O-O Nd4 10. Qa4+ Bd7 11. Qd1 b5 12. Ne5 Bg4 13. Nxg4 Nxg4 14.
Qxg4 e6 15. e5 Be7 16. Bxa8 Qxa8 17. f3 c4 18. Qxd4 O-O 19. dxc4 Rd8 20. Qe4
Bc5+ 21. Kg2 Qxe4 22. Nxe4 Bb6 23. cxb5 Rd5 24. Bxh6 gxh6 25. Nf6+ Kg7 26.
Nxd5 Ba5 27. b4 Bd8 28. Nf6 Bb6 29. f4 Bd8 30. a4 Bxf6 31. exf6+ Kxf6 32. g4
e5 33. fxe5+ Kxe5 34. Rxf7 {Black resigns} 1-0